 Dungeon Crawl Stone Soup version 0.26-a0-639-g72c4674329 (webtiles) character file.

Game seed: 5265337110129997198

1910 Apogee the Ruffian (level 8, 0/82 (83) HPs)
             Began as a Troll Hunter on Sept 24, 2020.
             Was a Believer of Makhleb.
             Slain by a wight
             ... wielding a +3 great sword of freezing
              (6 damage)
             ... on level 6 of the Dungeon.
             The game lasted 00:10:24 (4490 turns).

Apogee the Ruffian (Troll Hunter)                   Turns: 4490, Time: 00:10:25

HP:   0/82 (83)     AC:  6    Str: 21    XL:     8   Next: 94%
MP:   7/7           EV:  9    Int:  9    God:    Makhleb [**....]
Gold: 312           SH:  0    Dex: 10    Spells: 7/7 levels left

rFire    . . .     SeeInvis .     - Unarmed
rCold    . . .     Faith    .   (no shield)
rNeg     . . .     Spirit   .   b - +0 robe
rPois    .         Reflect  .   (helmet restricted)
rElec    .         Harm     .   (no cloak)
rCorr    .         Rampage  .   (gloves unavailable)
MR       .....                  (boots unavailable)
Stlth    +.........             (no amulet)
HPRegen  0.63/turn              (no ring)
MPRegen  0.10/turn              (no ring)

@: drained
A: large, unfitting armour, claws 3, regeneration 1, shaggy fur 1, tough skin 3
a: Minor Destruction, Renounce Religion


You were on level 6 of the Dungeon.
You worshipped Makhleb.
Makhleb was pleased with you.
You visited 2 branches of the dungeon, and saw 7 of its levels.
You also visited: Ossuary.

You collected 312 gold pieces.

Inventory:

Hand Weapons
 a - a +0 giant club
   (You took it off an ogre on level 4 of the Dungeon)
 w - a +0 short sword
 G - the +5 long sword of Lufoivom {freeze, Dex+3, unknown}
   (You found it on level 6 of the Dungeon)

   It has been specially enchanted to freeze those struck by it, causing extra
   injury to most foes and up to half again as much damage against particularly
   susceptible opponents.
   It can also slow down cold-blooded creatures.
   It affects your dexterity (+3).
Missiles
 c - 4 large rocks (quivered)
 m - 185 stones
 p - 43 poisoned darts
 F - 2 throwing nets {!f}
Armour
 b - a +0 robe (worn)
Jewellery
 n - an uncursed ring of magical power {unknown}
   (You found it on level 1 of the Dungeon)
 C - a +6 ring of strength {unknown}
   (You found it on level 5 of the Dungeon)
 D - a cursed -4 ring of dexterity {unknown}
   (You found it on level 5 of the Dungeon)
 E - an uncursed ring of fire {unknown}
   (You found it on level 5 of the Dungeon)
Wands
 d - a wand of iceblast (7)
   (You found it on level 6 of the Dungeon)
Scrolls
 f - 7 scrolls of identify {unknown}
 g - 4 scrolls of teleportation {unknown}
 h - 2 scrolls of fear {unknown}
 i - a scroll of enchant weapon {unknown}
 j - 3 scrolls of immolation {unknown}
 q - 2 scrolls of amnesia {unknown}
 r - a scroll of fog {unknown}
 s - 4 scrolls of remove curse {unknown}
 t - a scroll of blinking {unknown}
 y - a scroll of magic mapping {unknown}
Potions
 e - 6 potions of curing {unknown}
 k - 3 potions of degeneration {unknown}
 l - 4 potions of flight {unknown}
 o - 2 potions of heal wounds {unknown}
 u - 3 potions of haste {unknown}
 v - 2 potions of ambrosia {unknown}
 x - a potion of might {unknown}
 z - 2 potions of stabbing {unknown}
 A - a potion of brilliance {unknown}
 B - 2 potions of invisibility {unknown}


   Skills:
 * Level 6.1(5.3) Fighting
 + Level 6.0(5.2) Throwing
 - Level 1.5(0.8) Dodging
 - Level 0.3(0.0) Stealth
 * Level 7.4(6.5) Unarmed Combat


You had 7 spell levels left.
You didn't know any spells.
Your spell library contained the following spells:

 Spells                   Type           Power        Failure   Level
 Animate Skeleton         Necr           #.....       38%         1
 Pain                     Necr           #...         38%         1
 Vampiric Draining        Necr           #.........   77%         3
 Animate Dead             Necr           #.........   99%         4
 Agony                    Necr           #.......     100%        5


Dungeon Overview and Level Annotations

Branches:
Dungeon (6/15)             Temple (1/1) D:4         Ossuary (visited)

Altars:
Elyvilon
Hepliaklqana
Kikubaaqudgha
Makhleb
Okawaru
Qazlal
Ru
Wu Jian
Yredelemnul
Zin
The Shining One


Innate Abilities, Weirdness & Mutations

You are too large for most types of armour.
You have claws for hands.
Your natural rate of healing is unusually fast.
You are covered in fur. (AC +1)
You have extremely tough skin. (AC +3)


Message History

Items here: )) [[.
You scratch the wight.
The wight hits you from afar with a +0 halberd!
You feel drained.
The wight hits you with a +3 great sword of freezing!
The wight freezes you.
You scratch the wight but do no damage. The wight closely misses you.
You closely miss the wight. The wight completely misses you.
The wight closely misses you.
You barely miss the wight. The wight hits you but does no damage.
The wight barely misses you. The wight hits you with a +0 halberd!
You feel drained.
You scratch the wight but do no damage. Your claw misses the wight.
The wight hits you with a +0 halberd.
You scratch the wight. The wight barely misses you.
You claw the wight! Your claw misses the wight. The wight closely misses you.
You scratch the wight but do no damage. The wight hits you but does no damage.
The wight hits you with a +3 great sword of freezing.
You feel drained. The wight freezes you.
You claw the wight!
You destroy the wight!
Makhleb accepts your kill.
The orc priest invokes the aid of Beogh against you.
Beogh smites you!
* * * LOW HITPOINT WARNING * * *
Throwing (i - inventory. (/) - cycle)
c - 5 large rocks (quivered)
Aim: an orc priest You throw a large rock.
The large rock closely misses the orc priest.
The wight hits you but does no damage.
The wight hits you with a +3 great sword of freezing.
* * * LOW HITPOINT WARNING * * *
The wight freezes you.
* * * LOW HITPOINT WARNING * * *
You claw the orc priest! The orc priest closely misses you.
You mangle the orc priest!!
You kill the orc priest!
Makhleb accepts your kill. The wight barely misses you.
You claw the wight!
The wight hits you with a +3 great sword of freezing!
* * * LOW HITPOINT WARNING * * *
The wight freezes you.
* * * LOW HITPOINT WARNING * * *
Unknown command.
You barely miss the wight.
The wight hits you with a +3 great sword of freezing!
* * * LOW HITPOINT WARNING * * *
The wight freezes you.
You die...

#<# #.# #.#
#.######.# #.#
#........####.#
#####.........#
#.######..####
##.###........#
#......##..##.#####
#..### ##...#...†..
#.@# #.....######
#z)######...##
#.(..o.....##
#.########.# ...
#.# ###. #'# #.


.zo .. ..... .# o.<.... You could see a wight.

Vanquished Creatures
  A water moccasin (D:6)
  2 ice beasts (D:5)
  3 ogres
  A necrophage (D:5)
  A centaur (D:6)
  2 bullfrogs
  2 elf zombies (Ossuary)
  3 wights (D:6)
  A howler monkey (D:4)
  2 centaur zombies (Ossuary)
  A bullfrog zombie (D:5)
  2 human zombies (Ossuary)
  2 orc priests
  A hound (D:5)
  2 bullfrog skeletons
  2 orc wizards
  3 worker ants
  A big kobold zombie (Ossuary)
  2 hound skeletons
  2 mummies (Ossuary)
  7 gnolls
  7 adders
  A river rat (D:5)
  2 white imps
  3 oozes
  2 worms
  2 leopard geckos
  13 orcs
  5 giant cockroaches
  8 goblins
  6 hobgoblins
  14 jackals
  3 quokkas
  3 ball pythons
  7 bats
  6 frilled lizards
  A goblin zombie (Ossuary)
  9 hobgoblin zombies (Ossuary)
  A jackal zombie (Ossuary)
  7 kobolds
  9 kobold zombies (Ossuary)
  8 orc zombies (Ossuary)
  6 rats
  A rat zombie (Ossuary)
167 creatures vanquished.

Notes
Turn   | Place    | Note
-------+----------+-------------------------------------------
     0 | D:1      | Apogee the Troll Hunter began the quest for the Orb.
     0 | D:1      | Reached XP level 1. HP: 19/19 MP: 0/0
   186 | D:1      | Reached skill level 1 in Unarmed Combat
   245 | D:1      | Reached XP level 2. HP: 24/28 MP: 1/1
   794 | D:2      | Reached XP level 3. HP: 35/35 MP: 2/2
   873 | D:2      | Reached skill level 2 in Unarmed Combat
   901 | D:2      | Noticed a bullfrog
   911 | D:2      | Killed a bullfrog
   911 | D:2      | Reached XP level 4. HP: 41/44 MP: 3/3
  1235 | D:2      | Reached skill level 3 in Unarmed Combat
  1435 | D:3      | Reached XP level 5. HP: 50/50 MP: 4/4
  1946 | D:4      | Noticed an ogre
  1955 | D:4      | Killed an ogre
  1955 | D:4      | Reached skill level 4 in Unarmed Combat
  1955 | D:4      | Reached XP level 6. HP: 61/61 MP: 5/5
  2260 | D:4      | Reached XP level 7. HP: 62/68 MP: 6/6
  2343 | D:4      | Found a staircase to the Ecumenical Temple.
  2364 | D:4      | Found a sacrificial altar of Ru.
  2371 | D:4      | Found an ancient bone altar of Kikubaaqudgha.
  2385 | Temple   | Entered the Ecumenical Temple
  2440 | Temple   | Became a worshipper of Makhleb the Destroyer
  2588 | D:5      | Entered Level 5 of the Dungeon
  2707 | D:5      | Found a sand-covered staircase.
  2734 | Ossuary  | Entered an ossuary
  2823 | Ossuary  | Reached * piety under Makhleb
  2844 | Ossuary  | Reached skill level 5 in Unarmed Combat
  2860 | Ossuary  | Reached skill level 5 in Throwing
  3154 | D:5      | Reached XP level 8. HP: 41/79 MP: 7/7
  3184 | D:5      | Reached skill level 5 in Fighting
  3356 | D:5      | Reached skill level 6 in Unarmed Combat
  3419 | D:5      | Reached ** piety under Makhleb
  4255 | D:6      | Reached skill level 7 in Unarmed Combat
  4374 | D:6      | Got a dazzling long sword
  4490 | D:6      | Slain by a wight

Illustrated notes

Levels and vault maps discovered:
D:1:      dpeg_arrival_tiny_i, layout_basic
D:2:      layout_basic, minmay_misc_feat_rows
D:3:      layout_rooms, minmay_stone_trees_medium
D:4:      layout_basic, amethyst_overflow_temple_binary,
          minmay_temple_entry_junction, grunt_decor_one_mirror
D:5:      kennysheep_big_flooded_room, layout_basic, enter_ossuary_3,
          portal_sewer_entry_c
D:6:      layout_loops_corners, xom_teletrap_fun
Temple:   eino_temple_scatter_basement

Skill      XL: |  1  2  3  4  5  6  7  8 |
---------------+-------------------------+-----
Unarmed Combat | 1 2 3 4 5 7 |  7.4
Fighting       | 2 3 4 6 |  6.1
Throwing       | 4 5 6 |  6.0
Dodging        | |  1.5
Stealth        | |  0.3

Action                   |  1- 3 |  4- 6 |  7- 9 || total
-------------------------+-------+-------+-------++-------
Melee: Unarmed           |    97 |   179 |   286 ||   562
       Punch             |     1 |     5 |     9 ||    15
Throw: Large rock        |       |     1 |     2 ||     3
Armor: Robe              |    37 |    56 |    98 ||   191
Dodge: Dodged            |    60 |   101 |   148 ||   309

Table legend: (Time is in decaauts)
 A = Elapsed time spent in this place.
 B = Non-inter-level travel time spent in this place.
 C = Inter-level travel time spent in this place.
 D = Time resting spent in this place.
 E = Time spent auto-exploring this place.
 F = Levels seen in this place.
 G = Mean time per level.
                   A        B        C        D        E       F      G
               +--------+--------+--------+--------+--------+-----+--------+
         Total |   4451 |   4245 |    206 |    219 |   2841 |   8 |  556.4 |
       Dungeon |   4018 |   3829 |    189 |    212 |   2640 |   6 |  669.7 |
        Temple |     73 |     56 |     17 |      0 |     35 |   1 |   73.0 |
       Ossuary |    359 |    359 |      0 |      7 |    166 |   1 |  359.0 |
               +--------+--------+--------+--------+--------+-----+--------+

Top non-repeatable levels by time:
     D:5: 1170 daAuts
     D:1: 684 daAuts
     D:2: 677 daAuts
     D:4: 604 daAuts
     D:3: 560 daAuts
 Ossuary: 359 daAuts
     D:6: 321 daAuts
  Temple: 73 daAuts
